 Dungeon Crawl Stone Soup version 0.23-a0-558-g30802b1 (webtiles) character file.

436 Geeful the Sneak (level 7, -5/41 HPs)
             Began as an Octopode Earth Elementalist on Dec 12, 2018.
             Slain by a sky beast (6 damage)
             ... on level 5 of the Dungeon.
             The game lasted 00:21:03 (5641 turns).

Geeful the Sneak (Octopode Earth Elementalist)      Turns: 5641, Time: 00:21:03

Health: -5/41      AC:  1    Str: 11    XL:     7   Next: 1%
Magic:  9/11       EV: 14    Int: 19    God:
Gold:   231        SH:  5    Dex: 12    Spells: 6/12 levels left

rFire    . . .     SeeInvis .   b - +3 dagger (venom)
rCold    . . .     Gourm    .   d - +0 buckler
rNeg     . . .     Faith    .   (helmet restricted)
rPois    .         Spirit   .   (no amulet)
rElec    .         Reflect  .   g - +2 ring of slaying
rCorr    +         Harm     .   k - +3 ring of strength
MR       .....                  f - ring of resist corrosion
Stlth    ++++......             (no ring)
HPRegen  0.13/turn              (no ring)
MPRegen  0.12/turn              (no ring)
                                (no ring)
                                (no ring)

@: no status effects
A: almost no armour, stealthy swim, amphibious, 8 rings, constrict 8, camouflage
1, gelatinous body 1
a: no special abilities


You were on level 5 of the Dungeon.
You were not hungry.

You visited 2 branches of the dungeon, and saw 6 of its levels.

You collected 231 gold pieces.

Inventory:

Hand Weapons
 a - a +4 dagger of flaming
 b - a +3 dagger of venom (weapon)
Missiles
 h - 3 javelins (quivered)
 q - 29 poisoned needles
 t - 113 stones
Armour
 d - a +0 buckler (worn)
Jewellery
 f - a ring of resist corrosion (on tentacle)
 g - a +2 ring of slaying (left tentacle)
 k - a +3 ring of strength (right tentacle)
Scrolls
 i - a scroll of immolation
 j - 2 scrolls of remove curse
 l - 3 scrolls of identify
 p - 3 scrolls of teleportation
Potions
 e - a potion of ambrosia
 m - a potion of cancellation
 o - 2 potions of might
 r - a potion of flight
 s - 3 potions of curing
 u - a potion of brilliance
Comestibles
 c - 14 rations


   Skills:
 + Level 3.2 Dodging
 + Level 4.6 Stealth
 - Level 4.2 Shields
 + Level 3.1 Spellcasting
 - Level 1.0 Transmutations
 + Level 4.0 Earth Magic


You had 6 spell levels left.
You knew the following spells:

 Your Spells              Type           Power        Failure   Level  Hunger
a - Sandblast             Erth           ###...       3%          1    None
b - Passwall              Tmut/Erth      ##......     9%          2    ##.....
c - Stone Arrow           Conj/Erth      ##....       21%         3    ###....

Your spell library contained the following spells:

 Spells                   Type           Power        Failure   Level  Hunger
 Petrify                  Tmut/Erth      ##......     47%         4    ####...
 Lee's Rapid Deconstruct  Erth           ###.......   63%         5    ######.


Dungeon Overview and Level Annotations

Branches:
Dungeon (5/15)             Temple (1/1) D:5

Altars:
Ashenzari
Cheibriados
Dithmenos
Elyvilon
Fedhas
Gozag
Hepliaklqana
Kikubaaqudgha
Qazlal
Ru
Sif Muna
Trog
Uskayaw
Vehumet
Wu Jian
Xom
Yredelemnul
Zin

Shops:
D:5 !


Innate Abilities, Weirdness & Mutations

You cannot wear most types of armour.
You are very stealthy in the water. (Stealth+)
You are amphibious.
You can wear up to eight rings at the same time.
You can use your tentacles to constrict eight enemies at once.
Your skin changes colour to match your surroundings (Stealth+).
Your rubbery body absorbs attacks. (AC +1, EV +1)


Message History

You hit something. Something hits you but does no damage.
You barely miss something. Something hits you. Something shocks you.
There is a stone staircase leading down here.
Casting: Sandblast (safe; 3% risk of failure)
Confirm with . or Enter, or press ? or * to list all spells.
Aiming: Passwall (safe; 9% risk of failure)
Press: ? - help, Dir - move target cursor A rock wall.
Something hits you. Something shocks you.
* * * LOW HITPOINT WARNING * * *
You begin to meditate on the wall.
You continue meditating on the rock.
Something hits you.
* * * LOW HITPOINT WARNING * * *
Something shocks you.
* * * LOW HITPOINT WARNING * * *
You continue meditating on the rock.
Something hits you.
* * * LOW HITPOINT WARNING * * *
Something shocks you.
You die...

............##...##.#.##.#
#####.......###..##.#.##.#
####......###..##.#.##.#
#.........'...>...#....#
###'##)..)..####......####
..♣.........####......#
...............#......#
.♣∩♣...........#......#
...............#@######
#### ##♣'###........#.#
##...
###)###........#.####
#....
.........#######....#
#####....
####.#..........###.#
#........
..<#............# #.#
#........
...#............# #.#
#........
...#........##### #.#
#..>..... ............#
#.# #........


There were no monsters in sight!

Vanquished Creatures
  2 crimson imps
  Crazy Yiuf (D:4)
  An orc priest (D:5)
  Jessica (D:3)
  A worker ant (D:5)
  3 orc wizards (D:4)
  6 adders
  3 gnolls (D:4)
  An adder skeleton (D:4)
  3 worms
  2 dart slugs
  A leopard gecko (D:3)
  5 orcs
  5 bats
  2 giant cockroaches
  10 goblins
  4 hobgoblins (D:3)
  9 jackals
  12 kobolds
  3 quokkas
  2 ball pythons (D:2)
  4 frilled lizards
  A quokka skeleton (D:4)
  A quokka zombie (D:5)
  7 rats
90 creatures vanquished.

Notes
Turn   | Place    | Note
-------+----------+-------------------------------------------
     0 | D:1      | Geeful the Octopode Earth Elementalist began the quest for
                  | the Orb.
     0 | D:1      | Reached XP level 1. HP: 11/11 MP: 3/3
   144 | D:1      | Reached skill level 1 in Shields
   186 | D:1      | Reached XP level 2. HP: 17/17 MP: 3/5
   190 | D:1      | Learned a level 2 spell: Passwall
  1105 | D:2      | Reached XP level 3. HP: 19/21 MP: 3/6
  2145 | D:3      | Reached XP level 4. HP: 15/27 MP: 7/7
  2354 | D:3      | Found a faded altar of an unknown god.
  2552 | D:3      | Noticed Jessica
  2558 | D:3      | Killed Jessica
  2859 | D:3      | Reached XP level 5. HP: 30/31 MP: 8/8
  3322 | D:3      | Learned a level 3 spell: Stone Arrow
  4194 | D:4      | Reached XP level 6. HP: 36/36 MP: 7/9
  4427 | D:4      | Found a runed door.
  4431 | D:4      | Noticed Crazy Yiuf
  4436 | D:4      | Killed Crazy Yiuf
  4517 | D:5      | Entered Level 5 of the Dungeon
  4553 | D:5      | Found Nusoham's Distillery.
  4673 | D:5      | Found a staircase to the Ecumenical Temple.
  4692 | Temple   | Entered the Ecumenical Temple
  4892 | D:5      | Reached XP level 7. HP: 27/41 MP: 11/11
  5641 | D:5      | HP: 1/41 [something (5)]
  5641 | D:5      | Slain by a sky beast

Vault maps used:
D:1:      dpeg_arrival_pond
D:3:      chequers_ecumenical_altar_simple_redux, grunt_ministairs_13,
          uniq_jessica
D:4:      uniq_crazy_yiuf_cottage
D:5:      minmay_temple_entry_mist, first_ration, serial_shops,
          nicolae_shop_trees
Temple:   regret_index_temple_mists

Skill      XL: |  1  2  3  4  5  6 |
---------------+-------------------+-----
Shields        | 1 2 3 4 |  4.2
Stealth        | 3 4 |  4.6
Dodging        | 3 |  3.2
Spellcasting   | 3 |  3.1
Earth Magic    | 4 |  4.0
Transmutations | |  1.0

Action                   |  1- 3 |  4- 6 |  7- 9 || total
-------------------------+-------+-------+-------++-------
Melee: Unarmed           |    17 |       |       ||    17
       Constrict         |    22 |    35 |     1 ||    58
       Tentacles         |    12 |    12 |       ||    24
       Short sword       |    62 |    22 |       ||    84
       Dagger            |       |    77 |    10 ||    87
Throw: Javelin           |     4 |     4 |       ||     8
 Cast: Sandblast         |    13 |    17 |       ||    30
       Passwall          |       |       |     1 ||     1
  Use: Scroll            |     1 |    17 |     1 ||    19
       Potion            |       |     1 |       ||     1
 Stab: Sleeping          |    10 |    12 |       ||    22
       Distracted        |     1 |       |       ||     1
  Eat: Chunk             |     3 |    10 |       ||    13
       Ration            |       |       |     1 ||     1
Armor: Skin              |    14 |     2 |     1 ||    17
Dodge: Dodged            |    74 |    37 |     3 ||   114
Block: Buckler           |       |    14 |     1 ||    15

Table legend:
 A = Non-vault XP
 B = Vault XP
 C = Vault XP percentage of total XP
 D = Non-vault monster count
 E = Vault monster count
 F = Vault count percentage of total count
                 A         B        C        D         E       F
            +---------+---------+-------+---------+---------+-------
      Total |     541 |      83 |  13.3 |      86 |       4 |   4.4
            +---------+---------+-------+---------+---------+-------
        D:1 |      27 |       0 |   0.0 |      14 |       0 |   0.0
        D:2 |      48 |       0 |   0.0 |      21 |       0 |   0.0
        D:3 |      85 |      42 |  33.1 |      30 |       3 |   9.1
        D:4 |     236 |      41 |  14.8 |      14 |       1 |   6.7
        D:5 |     145 |       0 |   0.0 |       7 |       0 |   0.0
            +---------+---------+-------+---------+---------+-------
